 Dungeon Crawl Stone Soup version 0.13-a0-2305-ge00d11d (webtiles) character file.

2080 DaftWullie the Slicer (level 9, 0/54 HPs)
             Began as a Kobold Berserker on July 6, 2013.
             Was a High Priest of Trog.
             Shot with an arrow by a centaur (3 damage)
             ... on Level 7 of the Dungeon on July 9, 2013.
             The game lasted 01:19:59 (7047 turns).

DaftWullie the Slicer (Kobold Berserker)            Turns: 7047, Time: 01:19:59

HP   0/54        AC  8     Str 16      XL: 9   Next: 26%
MP   9/9         EV 19     Int  7      God: Trog [*****.]
Gold 338         SH  0     Dex 16      Spells:  0 memorised,  8 levels left

Res.Fire  : . . .   See Invis. : .   e - +2,+4 dwarf dagger
Res.Cold  : . . .   Warding    : .   b - +0 animal skin
Life Prot.: . . .   Conserve   : +   (no shield)
Res.Poison: .       Res.Corr.  : .   (no helmet)
Res.Elec. : .       Clarity    : .   s - +0 cloak
Sust.Abil.: . .     Spirit.Shd : .   (no gloves)
Res.Mut.  : .       Stasis     : .   (no boots)
Res.Rott. : .       Flight     : .   g - amulet of conservation
Saprovore : + + .                    J - +5 ring of protection
                                     h - ring of teleport control

@: exhausted, mildly poisoned, slowed, very slow, slightly resistant to hostile
enchantments, stealthy
A: disease resistance, carnivore 3, saprovore 2
a: Burn Spellbooks, Berserk, Trog's Hand, Brothers in Arms, Renounce Religion,
Evoke Teleport Control


You were on level 7 of the Dungeon.
You worshipped Trog.
Trog was extremely pleased with you.
You were full.

You visited 1 branch of the dungeon, and saw 8 of its levels.
You also visited: Sewer.

You collected 318 gold pieces.

Inventory:

Hand weapons
 a - a +0,+0 short sword
 e - a +2,+4 dwarven dagger (weapon)
 p - a +3,+1 elven dagger
 x - a cursed +0,+0 dagger
 y - a +0,+0 dagger
 C - a +0 blowgun
 H - a +0,+0 dagger of protection
 V - a +0,+0 orcish anti-magic dagger
Missiles
 d - 8 needles of paralysis
 o - 67 darts (quivered)
 u - 4 needles of slowing
 F - 20 poisoned needles
 L - 8 darts of flame
Armour
 b - a +0 animal skin (worn)
 s - a +0 cloak (worn)
Magical devices
 S - a wand of magic darts (8)
 T - a wand of fire (3)
Comestibles
 n - a meat ration
 O - 3 chunks of orc flesh
Scrolls
 i - 2 scrolls of noise {unknown}
 k - 2 scrolls of amnesia
 l - a scroll of immolation {unknown}
 m - a scroll of identify
 q - a scroll of curse jewellery {unknown}
 r - a scroll of random uselessness {unknown}
 t - 2 scrolls of enchant weapon II
 w - 3 scrolls of remove curse
 z - 3 scrolls of teleportation {unknown}
 A - a scroll of enchant armour {unknown}
 D - 2 scrolls of blinking
 E - 2 scrolls of fear
 I - a scroll of recharging {unknown}
 K - a scroll of curse armour {unknown}
 M - a scroll of curse weapon {unknown}
Jewellery
 g - an amulet of conservation (around neck)
 h - a ring of teleport control (left hand)
 J - a +5 ring of protection (right hand)
 P - an uncursed ring of sustain abilities {unknown}
 U - a +2 ring of evasion {unknown}
Potions
 c - 2 potions of mutation {unknown}
 f - a potion of restore abilities {unknown}
 j - 4 potions of curing
 v - a potion of resistance {unknown}
 B - 4 potions of heal wounds
 G - 2 potions of magic
 N - a potion of slowing {unknown}
 Q - 2 potions of might {unknown}
 R - a potion of speed {unknown}


   Skills:
 + Level 5.8 Fighting
 * Level 11.2 Short Blades
 - Level 1.5 Armour
 - Level 7.0 Dodging
 - Level 3.9 Stealth
 + Level 0.6 Evocations


You had 8 spell levels left.
You didn't know any spells.

Dungeon Overview and Level Annotations

Branches:
Dungeon (8/27)             Temple (0/1) D:4
    Orc: D:6-11        Lair: D:8-13

Altars:


Innate Abilities, Weirdness & Mutations

You recuperate from illness quickly.
You are small and have problems with some larger weapons.
You are carnivorous and can eat meat at any time.
You can eat rotten meat.


Message History

Trog accepts your kill.
You feel sick.
You feel sick.
A centaur comes into view.
* * * LOW HITPOINT WARNING * * *
You feel sick.
* * * LOW HITPOINT WARNING * * *
You feel sick.
The centaur wields a bow.
The centaur shoots an arrow.
The arrow misses you.
The centaur shoots an arrow.
The arrow hits you!
* * * LOW HITPOINT WARNING * * *
The centaur shoots an arrow.
The arrow hits you!
* * * LOW HITPOINT WARNING * * *
You see here 2 arrows.
* * * LOW HITPOINT WARNING * * *
You feel sick.
The centaur shoots an arrow.
The arrow misses you.
The centaur shoots an arrow.
The arrow hits you!
* * * LOW HITPOINT WARNING * * *
The centaur shoots an arrow.
The arrow hits you!
You die...

#........#
#.#
##(......#
#)# #.......#
#)# #.......#
#.#
#.......#####
#.#
#.......(...#
#.#
######......#
#)# #..(...#
#.# #..@...#
#.# #......#
#.# #......#
#.# #..c...#
#.# #......#
#.# ########
#.# #.# #.#
#.#


You could see a centaur.

Vanquished Creatures
  A hippogriff (D:5)
  An orc warrior (D:7)
  3 ogres
  A sky beast (D:6)
  The ghost of crypto177 the Skirmisher, an average DjBe of Trog (D:3)
  4 giant frogs
  5 killer bees (D:7)
  2 big fish (Sewer)
  3 crimson imps
  An orc priest (D:7)
  6 worker ants
  2 hounds
  2 orc wizards
  2 scorpions
  An ogre zombie (D:6)
  A crocodile skeleton (D:4)
  2 mummies
  An ogre skeleton (D:4)
  A hound skeleton (D:6)
  6 adders
  A worm zombie (D:6)
  A green rat (D:3)
  A giant mite (D:3)
  A worm (D:6)
  An iguana zombie (D:6)
  2 grey rats (D:3)
  An adder skeleton (D:4)
  2 giant eyeballs
  5 giant geckos
  9 orcs
  3 ball pythons
  11 bats
  A bat skeleton (D:5)
  A bat zombie (D:5)
  6 giant cockroaches
  15 hobgoblins
  13 jackals
  26 kobolds
  2 quokkas
  8 giant newts
  A giant newt skeleton (D:4)
  10 goblins
  A goblin skeleton (D:5)
  2 hobgoblin zombies
  A kobold skeleton (D:4)
  An orc zombie (D:6)
  12 rats
  4 plants (Sewer)
188 creatures vanquished.

Notes
Turn   | Place    | Note
--------------------------------------------------------------
     0 | D:1      | DaftWullie, the Kobold Berserker, began the quest for the Orb.
     0 | D:1      | Reached XP level 1. HP: 14/14 MP: 0/0
   342 | D:1      | Reached XP level 2. HP: 14/19 MP: 1/1
   990 | D:2      | Reached XP level 3. HP: 24/24 MP: 2/2
  1058 | D:2      | Acquired Trog's second power
  1127 | D:2      | Reached skill level 5 in Short Blades
  1535 | D:3      | Upgraded the game from 0.13-a0-2261-g830e84e to 0.13-a0-2281-ge1c0d72
  1696 | D:3      | Reached XP level 4. HP: 24/29 MP: 3/3
  1771 | D:3      | Noticed crypto177's ghost (average DjBe)
  1807 | D:3      | Killed crypto177's ghost
  1807 | D:3      | Reached skill level 6 in Short Blades
  1807 | D:3      | Reached XP level 5. HP: 19/33 MP: 4/4
  1903 | D:3      | Found a glowing drain.
  1954 | Sewer    | Entered a sewer
  2161 | Sewer    | Reached XP level 6. HP: 39/39 MP: 5/5
  3375 | D:3      | Reached skill level 1 in Stealth
  3932 | D:4      | Reached skill level 7 in Short Blades
  3937 | D:4      | Reached skill level 5 in Dodging
  4048 | D:4      | Reached XP level 7. HP: 23/43 MP: 6/6
  4248 | D:5      | Entered Level 5 of the Dungeon
  4350 | D:4      | Found a staircase to the Ecumenical Temple.
  4560 | D:4      | Acquired Trog's third power
  4953 | D:5      | Noticed a hippogriff
  4990 | D:5      | Killed a hippogriff
  5025 | D:5      | Reached skill level 8 in Short Blades
  5025 | D:5      | Reached XP level 8. HP: 29/48 MP: 7/7
  5618 | D:6      | Reached skill level 5 in Fighting
  5772 | D:6      | Upgraded the game from 0.13-a0-2281-ge1c0d72 to 0.13-a0-2305-ge00d11d
  5846 | D:6      | Reached skill level 9 in Short Blades
  6391 | D:6      | Reached skill level 10 in Short Blades
  6444 | D:7      | Reached XP level 9. HP: 54/54 MP: 8/8
  6729 | D:8      | Paralysed by a giant eyeball for 4 turns
  6740 | D:8      | Paralysed by a giant eyeball for 3 turns
  6853 | D:7      | Reached skill level 11 in Short Blades
  6929 | D:7      | Paralysed by a giant eyeball for 2 turns
  7047 | D:7      | Shot with an arrow by a centaur

Action                   |  1- 3 |  4- 6 |  7- 9 || total
-------------------------+-------+-------+-------++-------
Melee: Short sword       |     7 |       |       ||     7
       Dagger            |   105 |   459 |   400 ||   964
Throw: Dagger            |    10 |    15 |    14 ||    39
       Dart              |     4 |     6 |    50 ||    60
Invok: Berserk           |     3 |     3 |     6 ||    12
Evoke: Wand              |       |       |     6 ||     6
  Use: Scroll            |       |     2 |     5 ||     7
       Potion            |       |     1 |     1 ||     2
 Stab: Sleeping          |     1 |     2 |     3 ||     6
